Map: Submarine LE

Players

AZAZEL - Winner!

  • Race: Terran Terran
  • League: Diamond
  • Spawn Location: 5:00

A.I. 2 (Very Easy)

  • Race: Protoss Protoss
  • Spawn Location: 11:00

VOD

Have the link to the VOD?

Description

Time

  • Played on: Nov. 24, 2020, 8:42 p.m.
  • Length: 9:41
Show
View Real Time Build Order
Export as new Build Order

AZAZEL Terran - Winner!

Build Orders:  

Get SALT Encoding   

  12  0:00  SCV  
  13  0:12  SCV  
  14  0:16  Supply Depot  
  14  0:24  SCV  
  14  0:27  Refinery  
  15  0:38  SCV  
  16  0:45  Barracks  
  16  0:50  SCV  
  17  1:02  SCV  
  18  1:14  SCV  
  19  1:24  Engineering Bay  
  19  1:31  Orbital Command  
  19  1:32  Reaper  
  20  1:56  Factory, SCV  
  21  2:03  Supply Depot  
  21  2:05  Marine  
  22  2:08  SCV  
  23  2:25  SCV  
  24  2:32  Barracks Reactor, Command Center  
  24  2:37  SCV  
  24  2:40  Refinery  
  24  2:41  Widow Mine  
  27  2:54  Starport  
  27  3:03  SCV  
  27  3:05  Widow Mine  
  30  3:11  Marine  
  31  3:17  Supply Depot  
  31  3:21  Supply Depot  
  31  3:36  Barracks Tech Lab  
  31  3:38  Hellion x2, SCV  
  36  3:44  Orbital Command  
  36  3:49  Engineering Bay  
  36  3:50  SCV  
  37  3:57  Medivac  
  37  4:00  Hellion x2  
  44  4:02  SCV  
  44  4:24  Orbital Command  
  44  4:31  Liberator  
  47  4:36  SCV  
  47  4:37  Stimpack  
  46  5:21  SCV  
  45  5:30  Marine  
  45  5:31  Widow Mine  
  45  5:32  Widow Mine  
  45  5:33  SCV, Barracks x2  
  45  5:34  Barracks  
  47  6:01  Marine  
  46  6:08  Factory Tech Lab  
  46  6:19  Marine  
  46  6:54  Combat Shield  
  46  6:58  Barracks Reactor, Barracks Tech Lab  
  46  7:01  Barracks x2  
  46  7:03  Barracks  
  45  7:11  Marine x2, Marauder  
  48  7:21  SCV  
  48  7:22  SCV  
  50  7:27  Siege Tank  
  50  7:28  Marine  
  50  7:29  Command Center  
  54  7:30  Marauder  
  54  7:31  Concussive Shells  
  54  7:34  SCV x2  
  54  7:35  Marine x2, Marauder  
  62  7:43  Supply Depot  
  62  7:44  Terran Infantry Weapons Level 1, Supply Depot  
  62  7:45  Supply Depot x2  
  62  7:55  Barracks Reactor  
  62  7:56  Barracks Reactor  
  62  7:57  Barracks Reactor  
  62  8:05  Siege Tank, Marine x4, Marauder x2, SCV  
  70  8:06  SCV  
  70  8:09  Starport Reactor  
  75  8:17  SCV  
  72  8:33  SCV x2  
  71  8:45  Siege Tank, SCV x2  
  71  8:46  Marauder  
  71  8:47  Marine x2, Marauder  
  71  8:48  Marine x8  
  88  8:57  SCV x2  
  89  9:04  Marine  
  89  9:05  Marine  
  89  9:06  Marine x7  
  89  9:08  Marauder x2  
  102  9:11  Command Center  
Show
View Real Time Build Order
Export as new Build Order

A.I. 2 (Very Easy) Protoss 

Build Orders:  

Get SALT Encoding   

  12  0:00  Probe  
  13  0:13  Probe  
  14  0:19  Pylon  
  14  0:37  Assimilator  
  14  0:43  Gateway  
  14  0:45  Pylon  
  14  1:17  Probe  
  14  1:25  Probe  
  15  1:31  Cybernetics Core  
  16  1:33  Probe  
  17  1:43  Probe  
  18  1:55  Probe  
  19  2:03  Probe  
  19  2:07  Warp Gate  
  20  2:10  Stalker  
  22  2:40  Stalker  
  22  2:42  Pylon  
  24  2:45  Probe  
  24  3:01  Zealot  
  26  4:49  Probe  
  25  4:57  Probe  
  16  5:07  Probe  
  16  5:08  Robotics Facility  
  16  5:11  Zealot  
  16  5:12  Assimilator  
  13  5:19  Probe  
  14  5:31  Probe  
  14  5:44  Probe  
  15  5:56  Probe  
  16  5:57  Observer  
  17  6:08  Probe  
  18  6:16  Probe  
  18  6:19  Observer  
  18  6:24  Probe  
  18  6:34  Probe  
  13  6:46  Probe  
  8  6:58  Probe  
  7  7:10  Probe  
  7  7:15  Stalker  
  7  7:23  Probe  
  8  7:35  Probe  
  9  7:44  Zealot  
  9  7:47  Probe  
  12  7:59  Probe  
  13  8:11  Probe  
  14  8:12  Stalker  
  16  8:21  Probe  
  15  8:29  Probe  
  15  8:37  Probe  
  16  8:49  Probe  
  16  8:51  Stalker  
  16  9:01  Probe  
  7  9:14  Probe  
Tags
 
League
Diamond
Matchup
PvT
Spawn Locations
Cross Positions
Add a new tag
Caveats
  • Supply blocks, unpowered buildings, or Contaminate may cause inaccurate times.
  • Supply counts are checked every 10 seconds.